 Dungeon Crawl Stone Soup version 0.24.0-125-gc4c63601f3 (webtiles) character file.

Game seed: 3596148212611217704, levelgen mode: deterministic

2177 ReteAZ the Carver (level 9, -20/69 (71) HPs)
             Began as a Merfolk Gladiator on Mar 20, 2020.
             Was a Priest of Okawaru.
             Demolished by a two-headed ogre
             ... wielding a +0 giant spiked club
              (35 damage)
             ... on level 7 of the Dungeon.
             The game lasted 00:13:08 (8260 turns).

ReteAZ the Carver (Merfolk Gladiator)               Turns: 8260, Time: 00:13:09

HP:   -20/69 (71)   AC:  7    Str: 14    XL:     9   Next: 32%
MP:   10/12         EV: 23    Int:  8    God:    Okawaru [***...]
Gold: 325           SH:  0    Dex: 18    Spells: 5/8 levels left

rFire    + . .     SeeInvis .   a - +1 long sword
rCold    + . .     Gourm    .   (no shield)
rNeg     . . .     Faith    .   z - +2 robe {rC+ rF+}
rPois    .         Spirit   .   c - +0 helmet
rElec    .         Reflect  .   D - scarf {repulsion}
rCorr    .         Harm     .   (no gloves)
MR       .....                  (no boots)
Stlth    +++.......             (no amulet)
HPRegen  0.21/turn              i - ring of flight
MPRegen  0.13/turn              u - +2 ring of protection

@: heroism, repel missiles
A: change form in water, swift swim, stealthy swim
a: Heroism, Renounce Religion, Evoke Flight


You were on level 7 of the Dungeon.
You worshipped Okawaru.
Okawaru was most pleased with you.
You were very hungry.

You visited 1 branch of the dungeon, and saw 7 of its levels.

You collected 325 gold pieces.

Inventory:

Hand Weapons
 a - a +1 long sword (weapon)
Missiles
 d - a throwing net
 o - 56 poisoned darts
 F - 8 curare-tipped darts (quivered)
Armour
 b - a +0 leather armour
 c - a +0 helmet (worn)
 s - a +0 leather armour of fire resistance
 z - a +2 robe of resistance (worn)
 D - a scarf of repulsion (worn)
Jewellery
 i - a ring of flight (left hand)
 u - a +2 ring of protection (right hand)
Wands
 y - a wand of digging (6)
Scrolls
 e - 11 scrolls of identify
 g - a scroll of blinking {unknown}
 k - a scroll of remove curse
 m - 4 scrolls of teleportation
 p - a scroll of immolation {unknown}
 q - 2 scrolls of enchant weapon
 r - a scroll of fog {unknown}
 t - a scroll of magic mapping
 w - a scroll of noise {unknown}
 x - a scroll of random uselessness {unknown}
Potions
 h - 4 potions of curing
 j - 2 potions of brilliance
 l - a potion of resistance {unknown}
 n - 2 potions of mutation {unknown}
 A - a potion of agility {unknown}
 B - a potion of flight {unknown}
 C - 3 potions of degeneration {unknown}
 G - a potion of heal wounds {unknown}
Comestibles
 f - 10 rations


   Skills:
 + Level 6.5(11.5) Fighting
 * Level 9.4(14.4) Long Blades
 - Level 2.0(7.0) Throwing
 + Level 8.4(13.4) Dodging
 + Level 4.3 Invocations


You had 5 spell levels left.
You knew the following spells:

 Your Spells              Type           Power        Failure   Level  Hunger
a - Regeneration          Chrm/Necr      #.........   78%         3    ####...

Your spell library contained the following spells:

 Spells                   Type           Power        Failure   Level  Hunger
 Animate Skeleton         Necr           N/A          41%         1    ##.....
 Pain                     Necr           #...         41%         1    ##.....
 Vampiric Draining        Necr           #.........   78%         3    ####...
 Animate Dead             Necr           N/A          99%         4    #####..


Dungeon Overview and Level Annotations

Branches:
Dungeon (7/15)             Temple (0/1) D:7

Altars:
Ashenzari
Cheibriados
Dithmenos
Gozag
Okawaru
Sif Muna
Vehumet
Zin

Annotations:
D:5 2 transporters, brob1's ghost, novice DDFi


Message History

The two-headed ogre hits you with a +0 giant club!
* * * LOW HITPOINT WARNING * * *
You hear a screech!
You slash the two-headed ogre!
The two-headed ogre is moderately wounded.
The two-headed ogre completely misses you. x2
You barely miss the two-headed ogre.
The two-headed ogre is moderately wounded.
You barely miss the two-headed ogre.
The two-headed ogre is moderately wounded.
The two-headed ogre completely misses you.
The two-headed ogre misses you.
You closely miss the two-headed ogre.
The two-headed ogre is moderately wounded.
You slash the two-headed ogre!
You punch the two-headed ogre, but do no damage.
The two-headed ogre is severely wounded.
The two-headed ogre hits you with a +0 giant spiked club!!
Ouch! That really hurt!
You die...

**,,** **,,,,,,,,,,* **....*
*##,,,,,,,,,,,* **,....**
*##.,,,,,,,,,,,**
*,,.....*####..,,,**,,,,****
**,,.....##....,,*********
**,,,..........,***
**,,,,.........***
**,,,,,.......S####### *#
,,,,,,,.......YO@....###########.
,,,,,,,......####...............#
**,,,,,....:,* ##...####.......#
*,,,,,....,,* #...# #.......#
*,,,,,...,,,* #..## #.......#
*,,,,,..,,,,* #..# #.......#
**,,,,,.,,,,** ##.# ##.....##
*,,,,,,,,,,,,* ### #....##
*,**,,,,,,,,,** #...##


You could see a two-headed ogre, an ice beast and an adder.

Vanquished Creatures
  A hippogriff (D:6)
  Eustachio (D:5)
  Menkaure (D:5)
  A sky beast (D:5)
  2 necrophages
  2 ogres (D:4)
  A centaur (D:5)
  Blork the orc (D:4)
  A bullfrog (D:6)
  4 scorpions
  2 howler monkeys
  A bullfrog zombie (D:5)
  4 orc priests
  A gnoll shaman (D:5)
  A jelly (D:6)
  3 orc wizards
  A centaur skeleton (D:6)
  3 iguanas
  5 worker ants
  A worker ant zombie (D:3)
  4 gnolls (D:5)
  12 adders
  4 shadow imps
  An ooze (D:1)
  An adder skeleton (D:6)
  An adder zombie (D:5)
  3 worms
  5 dart slugs
  4 leopard geckos
  15 orcs
  A ball python (D:3)
  4 giant cockroaches
  12 goblins
  10 hobgoblins
  6 jackals
  9 kobolds
  4 quokkas
  8 bats
  5 frilled lizards
  A jackal skeleton (D:5)
  9 rats
156 creatures vanquished.

Notes
Turn   | Place    | Note
-------+----------+-------------------------------------------
     0 | D:1      | ReteAZ the Merfolk Gladiator began the quest for the Orb.
     0 | D:1      | Reached XP level 1. HP: 16/16 MP: 1/1
    98 | D:1      | Reached XP level 2. HP: 20/23 MP: 2/2
   328 | D:1      | Reached XP level 3. HP: 27/28 MP: 3/3
   373 | D:1      | Reached skill level 4 in Long Blades
   866 | D:2      | Found a shattered altar of Ashenzari.
  1011 | D:2      | Reached XP level 4. HP: 29/34 MP: 4/4
  1015 | D:2      | Found a faded altar of an unknown god.
  1282 | D:2      | Reached skill level 5 in Dodging
  1689 | D:2      | Reached XP level 5. HP: 41/41 MP: 5/5
  1903 | D:2      | Reached skill level 5 in Long Blades
  2535 | D:3      | Noticed an angel
  2536 | D:3      | Found a glowing silver altar of Zin.
  2625 | D:3      | Found an iron altar of Okawaru.
  2684 | D:3      | Became a worshipper of Warmaster Okawaru
  2964 | D:4      | Noticed an ogre
  2965 | D:4      | Reached XP level 6. HP: 48/48 MP: 6/6
  2980 | D:4      | Reached skill level 6 in Long Blades
  3668 | D:4      | Reached XP level 7. HP: 35/55 MP: 7/7
  3916 | D:4      | Found a snail-covered altar of Cheibriados.
  3958 | D:4      | Noticed Blork the orc
  3969 | D:4      | Killed Blork the orc
  3993 | D:4      | Reached * piety under Okawaru
  4007 | D:4      | Found a shimmering blue altar of Sif Muna.
  4434 | D:4      | You fall into a shaft and drop 3 floors!
  4434 | D:7      | Found a staircase to the Ecumenical Temple.
  4494 | D:7      | Reached skill level 7 in Long Blades
  4541 | D:6      | Reached skill level 1 in Invocations
  4550 | D:6      | Reached skill level 5 in Fighting
  4571 | D:6      | Reached XP level 8. HP: 37/59 MP: 9/9
  4839 | D:5      | Entered Level 5 of the Dungeon
  4970 | D:4      | Found a shadowy altar of Dithmenos.
  5248 | D:5      | Found a transporter.
  5635 | D:5      | Found a transporter.
  5635 | D:5      | Noticed brob1's ghost (novice DDFi)
  5741 | D:5      | Noticed Menkaure
  5774 | D:5      | Found a radiant altar of Vehumet.
  5774 | D:5      | Noticed Eustachio
  6462 | D:5      | Killed Eustachio
  6462 | D:5      | Reached ** piety under Okawaru
  6462 | D:5      | Reached skill level 8 in Long Blades
  6873 | D:5      | Killed Menkaure
  7187 | D:6      | Reached XP level 9. HP: 66/69 MP: 11/11
  7280 | D:6      | Reached skill level 9 in Long Blades
  7357 | D:6      | Learned a level 3 spell: Regeneration
  7703 | D:6      | Found an opulent altar of Gozag.
  7794 | D:6      | Reached *** piety under Okawaru
  8248 | D:7      | Noticed a two-headed ogre
  8260 | D:7      | Demolished by a two-headed ogre

Levels and vault maps discovered:
D:1:      wander_arrival_chamber, layout_basic
D:2:      layout_basic, nicolae_ashenzari_panopticon,
          chequers_ecumenical_altar_simple_redux, first_ration, minmay_bisected
D:3:      layout_basic, okawaru_trees_2, zin_angel
D:4:      kennysheep_spiral_hall, layout_loops_ring, kennysheep_slug_shrine,
          tgw_sif, grunt_dithmenos_shadows
D:5:      layout_loops_ring, kennysheep_little_box, gammafunk_ghost_mausoleum,
          uniq_menkaure, uniq_eustachio
D:6:      layout_basic, nicolae_overflow_hidden_temple, hangedman_decor_riveting
D:7:      layout_cave_pods, marbit_many_paths, gammafunk_temple_overflow_claw,
          minmay_temple_entry_slanted, enter_bailey_3

Skill      XL: |  1  2  3  4  5  6  7  8  9 |
---------------+----------------------------+-----
Long Blades    | 4 5 6 7 8 9 |  9.4
Fighting       | 3 4 5 6 |  6.5
Dodging        | 5 6 8 |  8.4
Invocations    | 1 3 4 |  4.3
Throwing       | |  2.0

Action                   |  1- 3 |  4- 6 |  7- 9 || total
-------------------------+-------+-------+-------++-------
Melee: Long sword        |    79 |   196 |   268 ||   543
       Punch             |       |       |     1 ||     1
Throw: Dart              |       |     6 |    49 ||    55
       Throwing net      |       |       |     2 ||     2
Invok: Heroism           |       |       |     1 ||     1
  Use: Potion            |       |       |     4 ||     4
       Scroll            |       |       |     5 ||     5
 Stab: Sleeping          |       |     1 |     1 ||     2
  Eat: Chunk             |       |     9 |    14 ||    23
Armor: Leather armour    |    16 |    36 |       ||    52
       Robe              |       |       |    36 ||    36
Dodge: Dodged            |    65 |   171 |   209 ||   445
       Deflected         |       |       |     3 ||     3
       Rpst.: Long sword |    22 |    58 |    79 ||   159
